 Seeded DCSS version 0.29-a0-468-ge57f7f99b4 (webtiles) character file.

Game seed: 4215108193177905902 (custom seed)

1775 bwicke the Sneak (level 8, -2/48 HPs)
             Began as a Demonspawn Wanderer on May 21, 2022.
             Was an Initiate of Nemelex Xobeh.
             Slain by an orc warrior
             ... wielding a +0 broad axe
              (20 damage)
             ... in a bailey.
             The game lasted 01:03:45 (8200 turns).

bwicke the Sneak (Demonspawn Wanderer)              Turns: 8200, Time: 01:03:46

Health: -2/48      AC: 11    Str: 10    XL:     8   Next: 80%
Magic:  2/13       EV: 13    Int: 18    God:    Nemelex Xobeh [......]
Gold:   519        SH:  0    Dex: 13    Spells: 6/14 levels left

rFire   . . .      SeeInvis .   r - +4 dagger (vorpal)
rCold   . . .      Faith    .   (no shield)
rNeg    + . .      Spirit   .   m - +2 robe {rN+}
rPois   +          Reflect  .   (helmet restricted)
rElec   .          Harm     .   G - +0 cloak
rCorr   .          Rampage  .   d - +1 pair of gloves
Will    .....                   (boots unavailable)
Stlth   +++.......              j - amulet of the acrobat
HPRegen 0.16/turn               h - +4 ring of protection
MPRegen 0.13/turn               A - ring of poison resistance

@: marked
A: reduced essence, antennae 1, hooves 3, demonic guardian 1, frail 1,
MP-powered wands
a: Renounce Religion, Draw Escape, Draw Destruction, Draw Summoning


You were in a bailey.
You worshipped Nemelex Xobeh.
Nemelex Xobeh was noncommittal.
You visited 2 branches of the dungeon, and saw 8 of its levels.
You also visited: Sewer, Ossuary and Bailey.

You collected 519 gold pieces.

Inventory:

Hand Weapons
 i - a +0 war axe
 o - a +0 flail
 q - a +0 falchion
 r - a +4 vorpal dagger (weapon)
 t - a +1 dagger of venom
 z - a +0 quarterstaff
 D - a +0 trident
 I - a +0 rapier
 J - the +8 morningstar of Moral Flaws {vorpal, *Noise rElec rCorr Stlth+}
   (You found it on level 6 of the Dungeon)

   It inflicts extra damage upon your enemies.
   rElec:     It insulates you from electricity.
   *Noise:    It may make noises in combat.
   rCorr:     It protects you from acid and corrosion.
   Stlth:     It makes you more stealthy.
 L - a +0 hunting sling
Missiles
 a - 7 curare-tipped darts
 k - 209 stones
 s - 11 boomerangs
 C - 6 silver javelins
 O - a throwing net
Armour
 d - a +1 pair of gloves (worn)
 m - a +2 robe of positive energy (worn)
 G - a +0 cloak (worn)
Jewellery
 h - a +4 ring of protection (left hand)
 j - an amulet of the acrobat (around neck)
 u - an amulet of faith
 w - a ring of flight
 y - a ring of fire
 A - a ring of poison resistance (right hand)
Wands
 p - a wand of acid (19)
 x - a wand of flame (19)
 M - a wand of mindburst (11)
 N - a wand of iceblast (11)
Scrolls
 c - 3 scrolls of teleportation
 g - 2 scrolls of vulnerability
 l - a scroll of torment
 E - a scroll of magic mapping
 H - a scroll of immolation
Potions
 b - a potion of attraction
 e - a potion of lignification {unknown}
 f - 2 potions of haste
 n - 3 potions of heal wounds
 v - 2 potions of curing
 B - 4 potions of might
 F - 2 potions of flight
 K - 2 potions of brilliance {unknown}


   Skills:
 - Level 1.0 Fighting
 + Level 3.9 Short Blades
 - Level 3.6 Dodging
 - Level 7.1 Stealth
 - Level 3.5 Spellcasting
 - Level 4.0 Conjurations
 - Level 1.1 Necromancy
 - Level 4.1 Air Magic
 - Level 3.0 Poison Magic


You had 6 spell levels left.
You knew the following spells:

 Your Spells              Type           Power      Damage    Failure   Level
a - Necrotize             Necr           28%        1d5       10%         1
b - Shock                 Conj/Air       68%        1d7       3%          1
c - Swiftness             Air            17%        N/A       9%          3
d - Mephitic Cloud        Conj/Pois/Air  16%        N/A       11%         3

Your spell library contained the following spells:

 Spells                   Type           Power      Damage    Failure   Level
 Slow                     Hex            12%        N/A       16%         1
 Vampiric Draining        Necr           7%         2d6       30%         3
 Confusing Touch          Hex            3%         N/A       43%         3


Dungeon Overview and Level Annotations

Branches:
Dungeon (7/15)             Temple (1/1) D:6           Sewer (visited)
Ossuary (visited)          Bailey (1/1)

Altars:
Ashenzari
Cheibriados
Dithmenos
Elyvilon
Gozag
Hepliaklqana
Kikubaaqudgha
Makhleb
Nemelex Xobeh
Qazlal
Sif Muna
Uskayaw
Vehumet
Wu Jian
Xom
Yredelemnul
Zin
The Shining One

Shops:
D:7 ?(=


Innate Abilities, Weirdness & Mutations

Your life essence is reduced to manifest your ancestor. (-10% HP)
You have a pair of small antennae on your head.
You have hooves in place of feet.
A weak demonic guardian rushes to your aid.
You are frail. (-10% HP)
You expend magic power (3 MP) to strengthen your wands.


Message History

Things that are here:
a +0 war axe; a +0 plate armour
s - 11 boomerangs (gained 2)
You now have enough gold to buy a ring of protection from cold on D:7, or buy a ring of wizardry on D:7.
You can access your shopping list by pressing '$'.
You now have 519 gold pieces (gained 173).
Items here: )) [[ †.
Things that are here:
a +0 war axe; a +0 plate armour
There is an open door here.
Found a pair of runed boots.
There is an open door here.
The orc warrior pulls the alarm!
The alarm trap emits a blaring wail!
A sentinel's mark forms upon you.
You see here a +2 pair of boots of rampaging.
There is an open door here.
You hit the orc warrior.
You kick the orc warrior, but do no damage.
The orc warrior is lightly wounded.
The orc warrior hits you with a +0 broad axe.
The orc knight roars a battlecry!
The orc warriors go into a battle-frenzy!
Casting: Mephitic Cloud (dangerous; 11% risk of failure)
Confirm with . or Enter, or press ? or * to list all spells.
Aiming: Mephitic Cloud (dangerous; 11% risk of failure)
Press: ? - help, Shift-Dir - straight line The ball explodes into a vile cloud!
The stinking cloud engulfs the goblin but does no damage.
The stinking cloud engulfs the orc warrior but does no damage.
The orc warrior is lightly wounded.
The stinking cloud engulfs you but does no damage.
The orc warrior barely misses you.
The goblin is engulfed in noxious fumes.
The goblin appears confused.
The goblin hits you but does no damage.
You hit the goblin.
The goblin is heavily wounded.
The orc warrior hits you with a +0 broad axe!!
You die...
Your body disappears without a glow.

.#############
.............####
#.).........##
##'#.........##
#..#.)..⌠.....#
#..###)).....##
##o@'[#.†...###
.Koo.og.###.†....####
###'####☼○#.....≈≈≈≈≈≈≈ ≈##
#...ogo.####.≈≈≈≈≈≈≈≈≈≈#
≈≈≈K#...Kggo#∩≈≈≈≈≈≈≈....###
≈≈≈#########≈≈≈≈≈......##
≈≈≈≈≈≈≈≈≈≈≈≈≈........##
#≈≈≈≈≈≈≈≈≈........###
#..........(..####


You could see an orc knight, 3 orc warriors, a goblin (confused) and a kobold.

Vanquished Creatures
  An orc knight (Bailey)
  4 orc warriors
  A sky beast (D:6)
  An ogre (D:5)
  A centaur (D:6)
  A phantom (D:7)
  2 kobold brigands (Sewer)
  An elf zombie (Ossuary)
  A necrophage (D:5)
  2 scorpions (D:6)
  4 killer bees (D:5)
  3 howler monkeys (D:7)
  A hound (D:6)
  2 centaur zombies (Ossuary)
  4 jellies
  A human zombie (Ossuary)
  2 orc priests
  2 iguanas
  2 orc wizards
  2 mummies (Ossuary)
  5 gnolls
  A river rat (Sewer)
  11 adders
  A white imp (D:4)
  3 ufetubi (D:6)
  An adder zombie (Ossuary)
  2 worms (Sewer)
  2 dart slugs
  15 orcs
  4 endoplasms
  3 giant cockroaches
  10 goblins
  15 hobgoblins
  3 jackals (D:1)
  8 quokkas
  13 ball pythons
  3 bats
  5 frilled lizards
  A goblin zombie (Ossuary)
  7 hobgoblin zombies (Ossuary)
  14 kobolds
  16 kobold zombies (Ossuary)
  6 orc zombies (Ossuary)
  20 rats
  A rat zombie (Ossuary)
208 creatures vanquished.

Vanquished Creatures (collateral kills)
  Sigmund (D:2)
  A gnoll (D:3)
  A dart slug (D:1)
  An orc (D:4)
  2 giant cockroaches
  A goblin (Bailey)
  A hobgoblin (D:1)
  2 quokkas
  2 kobolds (D:2)
12 creatures vanquished.

Vanquished Creatures (others)
  28 plants
28 creatures vanquished.

Grand Total: 248 creatures vanquished

Notes
Turn   | Place    | Note
-------+----------+-------------------------------------------
     0 | D:1      | bwicke the Demonspawn Wanderer began the quest for the Orb.
     0 | D:1      | bwicke set off with the following items: a +0 dagger, a
                  | potion of attraction, a +0 robe, a +0 pair of gloves; and
                  | the following spells available to memorise: Necrotize,
                  | Shock, Swiftness, Vampiric Draining, Mephitic Cloud
     0 | D:1      | Reached XP level 1. HP: 15/15 MP: 3/3
    31 | D:1      | Learned a level 1 spell: Necrotize
    33 | D:1      | Learned a level 1 spell: Shock
   146 | D:1      | Gained mutation: A weak demonic guardian rushes to your
                  | aid. [demonic ancestry]
   146 | D:1      | Reached XP level 2. HP: 21/21 MP: 0/5
   830 | D:1      | Discovered your monstrous ancestry.
   830 | D:1      | Gained mutation: You have large cloven feet. [demonic
                  | ancestry]
   830 | D:1      | Reached XP level 3. HP: 24/26 MP: 3/6
  1159 | D:1      | Found a faded altar of an unknown god.
  1397 | D:2      | Learned a level 3 spell: Swiftness
  1916 | D:2      | Noticed Sigmund
  1931 | D:2      | Killed Sigmund
  1932 | D:2      | Reached XP level 4. HP: 20/32 MP: 0/7
  1932 | D:2      | Gained mutation: You have hoof-like feet. [demonic
                  | ancestry]
  1932 | D:2      | Reached XP level 5. HP: 23/37 MP: 0/8
  1948 | D:2      | Found a shimmering altar of Xom.
  2490 | D:2      | Reached skill level 1 in Poison Magic
  2490 | D:2      | Gained mutation: You have a pair of small antennae on your
                  | head. [demonic ancestry]
  2490 | D:2      | Reached XP level 6. HP: 43/43 MP: 5/9
  2789 | D:3      | Learned a level 3 spell: Mephitic Cloud
  3158 | D:3      | Found a glowing drain.
  3172 | Sewer    | Entered a sewer
  3269 | Sewer    | Gained mutation: You have hooves in place of feet. [demonic
                  | ancestry]
  3269 | Sewer    | Reached XP level 7. HP: 44/48 MP: 3/12
  4072 | D:4      | Found a basalt altar of Yredelemnul.
  4097 | D:4      | Reached skill level 1 in Short Blades
  4614 | D:4      | Found a broken altar of Ashenzari.
  4635 | D:4      | Found a shimmering altar of Xom.
  4637 | D:4      | Found an ornate altar of the Wu Jian Council.
  4789 | D:5      | Entered Level 5 of the Dungeon
  4806 | D:5      | Reached skill level 1 in Stealth
  4829 | D:5      | Reached skill level 2 in Stealth
  5184 | D:5      | Gained mutation: You are somewhat resistant to further
                  | mutation. [potion of mutation]
  5185 | D:5      | Lost mutation: You are somewhat resistant to further
                  | mutation. [potion of mutation]
  5185 | D:5      | Gained mutation: Your body sometimes deteriorates upon
                  | taking damage. [potion of mutation]
  5185 | D:5      | Gained mutation: Your mind is acute. (Int +2) [potion of
                  | mutation]
  5186 | D:5      | Lost mutation: Your body sometimes deteriorates upon taking
                  | damage. [potion of mutation]
  5186 | D:5      | Lost mutation: Your mind is acute. (Int +2) [potion of
                  | mutation]
  5186 | D:5      | Gained mutation: You are frail. (-10% HP) [potion of
                  | mutation]
  5186 | D:5      | Gained mutation: You expend magic power (3 MP) to
                  | strengthen your wands. [potion of mutation]
  5253 | D:5      | Reached skill level 3 in Stealth
  5460 | D:5      | Reached skill level 4 in Stealth
  5460 | D:5      | Reached XP level 8. HP: 37/48 MP: 10/13
  5803 | D:5      | Reached skill level 5 in Stealth
  6211 | D:6      | Found a staircase to the Ecumenical Temple.
  6220 | Temple   | Entered the Ecumenical Temple
  6291 | Temple   | Became a worshipper of Hepliaklqana the Forgotten
  6365 | D:6      | Reached skill level 6 in Stealth
  6381 | D:6      | Found a sand-covered staircase.
  6386 | Ossuary  | Entered an ossuary
  6656 | Ossuary  | Reached skill level 7 in Stealth
  7194 | D:6      | Found a shimmering blue altar of Sif Muna.
  7208 | D:6      | Found a sparkling altar of Nemelex Xobeh.
  7214 | D:6      | Fell from the grace of Hepliaklqana
  7214 | D:6      | Became a worshipper of Nemelex Xobeh the Trickster
  7253 | D:6      | Identified the +8 morningstar of Moral Flaws {vorpal,
                  | *Noise rElec rCorr Stlth+}
  7461 | D:6      | Found a shadowy altar of Dithmenos.
  7804 | D:7      | Found Mybrijy's Jewellery Boutique.
  7910 | D:7      | Found Hoekemnuikk's Weapon Boutique.
  7958 | D:7      | Found Leli's Magic Scroll Emporium.
  8036 | D:7      | Found a flagged portal.
  8048 | Bailey   | Entered a bailey
  8056 | Bailey   | Noticed an orc knight
  8119 | Bailey   | Noticed an orc knight
  8163 | Bailey   | Killed an orc knight
  8200 | Bailey   | Slain by an orc warrior

Illustrated notes

Levels and vault maps discovered:
D:1:      amcnicky_arrival_blooded_trapdoor, layout_rooms,
          nicolae_ecumenical_lake_church, serial_bayou, serial_bayou_pond_d,
          serial_bayou_crossing, serial_bayou_pond_b, serial_bayou_pond_e,
          serial_bayou_pond_c, serial_bayou_lagoon_b, minmay_rat_gold_closets
D:2:      wad_woods_stonehenge, layout_loops_corners, uniq_sigmund
D:3:      layout_loops_corners, cheibrodos_sewer_entry_drain,
          minmay_goblin_outpost
D:4:      layout_rooms, nicolae_overflow_crystal_walls,
          nicolae_overflow_hidden_temple, minmay_misc_feat_four_crosses,
          guppyfry_early_orc_mine
D:5:      layout_layer_cave, kennysheep_generic_room_14
D:6:      layout_loops_corners, elyvilon_altar_1, mainiacjoe_overflow_big_doors,
          grunt_dithmenos_smoke, minmay_temple_entry_drinking_statues,
          enter_ossuary_5
D:7:      layout_loops_ring, nicolae_ru_the_path_less_chosen, enter_bailey_2,
          serial_shops, shop, shop, nicolae_shop_statue_plus,
          kennysheep_generic_room_4
Temple:   dpeg_chambers_temple
Bailey:   bailey_axe_4, bailey

Skill      XL: |  1  2  3  4  5  6  7  8 |
---------------+-------------------------+-----
Air Magic      | 2 3 4 |  4.1
Conjurations   | 3 4 |  4.0
Poison Magic   | 1 3 |  3.0
Spellcasting   | 3 |  3.5
Short Blades   | 2 3 |  3.9
Stealth        | 4 7 |  7.1
Fighting       | |  1.0
Dodging        | |  3.6
Necromancy     | |  1.1

Action                   |  1- 3 |  4- 6 |  7- 9 || total
-------------------------+-------+-------+-------++-------
Melee: Dagger            |    94 |    80 |   245 ||   419
       Punch             |     2 |       |     6 ||     8
       Kick              |     7 |    22 |    78 ||   107
       Morningstar       |       |       |    19 ||    19
 Fire: Hunting sling     |       |       |    13 ||    13
Throw: Javelin           |       |       |     2 ||     2
 Cast: Shock             |    39 |    38 |    59 ||   136
       Necrotize         |    11 |       |     1 ||    12
       Mephitic Cloud    |       |     1 |    16 ||    17
       Swiftness         |       |       |     1 ||     1
Evoke: Wand              |       |       |     2 ||     2
  Use: Scroll            |       |     4 |    16 ||    20
       Potion            |       |     2 |     3 ||     5
 Stab: Sleeping          |     3 |     1 |     9 ||    13
       Distracted        |       |     1 |       ||     1
       Confused          |       |       |     7 ||     7
Armor: Robe              |    29 |    29 |    86 ||   144
Dodge: Dodged            |    78 |    70 |   177 ||   325

Table legend: (Time is in decaauts)
 A = Elapsed time spent in this place.
 B = Non-inter-level travel time spent in this place.
 C = Inter-level travel time spent in this place.
 D = Time resting spent in this place.
 E = Time spent auto-exploring this place.
 F = Levels seen in this place.
 G = Mean time per level.
                   A        B        C        D        E       F      G
               +--------+--------+--------+--------+--------+-----+--------+
         Total |   8275 |   8039 |    236 |    135 |   4558 |  11 |  752.3 |
       Dungeon |   7066 |   6859 |    207 |    131 |   4450 |   7 | 1009.4 |
        Temple |    267 |    239 |     28 |      0 |      0 |   1 |  267.0 |
         Sewer |    415 |    415 |      0 |      4 |    108 |   1 |  415.0 |
       Ossuary |    374 |    374 |      0 |      0 |      0 |   1 |  374.0 |
        Bailey |    152 |    152 |      0 |      0 |      0 |   1 |  152.0 |
               +--------+--------+--------+--------+--------+-----+--------+

Top non-repeatable levels by time:
     D:5: 1410 daAuts
     D:1: 1405 daAuts
     D:2: 1379 daAuts
     D:6: 936 daAuts
     D:3: 922 daAuts
     D:4: 757 daAuts
   Sewer: 415 daAuts
 Ossuary: 374 daAuts
  Temple: 267 daAuts
     D:7: 253 daAuts
  Bailey: 152 daAuts
